 Dungeon Crawl Stone Soup version 0.17-a0-1176-g3d5a0d0 (webtiles) character file.

384 killrock3 the Covert (level 6, -1/44 HPs)
             Began as a Vampire Assassin on May 30, 2015.
             Was an Initiate of Dithmenos.
             Slain by a worker ant (4 damage)
             ... on level 4 of the Dungeon.
             The game lasted 00:18:08 (2345 turns).

killrock3 the Covert (Vampire Assassin)             Turns: 2345, Time: 00:18:09

Health: -1/44      AC:  9    Str: 11    XL:     6   Next: 47%
Magic:  6/6        EV: 12    Int: 14    God:    Dithmenos [......]
Gold:   83         SH:  0    Dex: 16    Spells: 0 memorised, 5 levels left

rFire  . . .     SeeInvis +     q - +4 whip
rCold  . . .     Clarity  .     m - +0 ring mail
rNeg   + . .     SustAt   .     (no shield)
rPois  .         Gourm    .     (no helmet)
rElec  .         Spirit   .     d - +0 cloak
rCorr  .         Warding  .     (no gloves)
rMut   .         Stasis   .     n - +2 pair of boots
MR     .....                    (no amulet)
Stlth  ++++......               (no ring)
                                i - ring of wizardry

@: lethally poisoned (-1 -> -2), not resistant to hostile enchantments, stealthy
A: fangs 3, see invisible, unbreathing
a: Bat Form, Renounce Religion


You were on level 4 of the Dungeon.
You worshipped Dithmenos.
Dithmenos was noncommittal.
You were not thirsty.

You visited 2 branches of the dungeon, and saw 5 of its levels.

You collected 83 gold pieces.

Inventory:

Hand weapons
 a - a +2 dagger
 b - a +0 blowgun
 q - a +4 whip (weapon)
Missiles
 e - 8 poisoned needles
 f - 6 curare-tipped needles
Armour
 c - a +0 robe
 d - a +0 cloak (worn)
 m - a +0 ring mail (worn)
 n - a +2 pair of boots (worn)
 u - a +0 large shield
Jewellery
 i - a ring of wizardry (left hand)
Scrolls
 h - 3 scrolls of identify {unknown}
 k - a scroll of magic mapping {unknown}
 o - a scroll of recharging {unknown}
 s - a scroll of fear {unknown}
 v - a scroll of remove curse {unknown}
Potions
 j - a potion of magic {unknown}
 l - 4 potions of curing {unknown}
 p - 2 potions of brilliance {unknown}
 t - a potion of ambrosia {unknown}
 w - a potion of agility
Comestibles
 r - a royal jelly


   Skills:
 + Level 2.2 Fighting
 + Level 1.5 Short Blades
 + Level 1.7 Throwing
 + Level 1.0 Armour
 + Level 4.4 Dodging
 + Level 9.1 Stealth


You had 5 spell levels left.
You didn't know any spells.

Dungeon Overview and Level Annotations

Branches:
Dungeon (4/15)             Temple (1/1) D:4

Altars:
Ashenzari
Cheibriados
Dithmenos
Elyvilon
Fedhas
Kikubaaqudgha
Makhleb
Okawaru
Qazlal
Sif Muna
Trog
Vehumet
Xom
Zin


Innate Abilities, Weirdness & Mutations

You have razor-sharp teeth.
You have supernaturally acute eyesight.
You can survive without breathing.


Message History

You barely miss the worker ant. Your bite misses the worker ant.
The worker ant is heavily wounded.
You feel sick. The bat hits you but does no damage.
The rat bites you but does no damage.
The worker ant bites you but does no damage.
The orc closely misses you.
You hit the worker ant.
You bite the worker ant, but do no damage.
The worker ant is severely wounded.
The worker ant barely misses you. The rat closely misses you.
The bat barely misses you.
You closely miss the bat. The bat closely misses you.
The worker ant closely misses you. The orc misses you.
The rat bites you but does no damage.
The worker ant bites you but does no damage.
The bat hits you but does no damage. The rat closely misses you.
The orc hits you with a mace.
* * * LOW HITPOINT WARNING * * *
The worker ant bites you.
You die...

##....#####.....# #.
###......##.......## #..
...................##...
.....#...#.............#
..###...###...........##
........# ##............
..###..## ##.......>...
≈≈≈≈#..# ###.ba..?###
..#≈#..# #.r@o...#
...≈.... #........#
...≈.... #..........#
...≈.... #....#.......
...≈..... #....##..$....
...≈..# .....# #......
..#≈#.. ....# [.....
≈≈≈≈#.. ...# ......
..###


You could see a worker ant, an orc, a bat and a rat.

Vanquished Creatures
  Sigmund (D:2)
  A scorpion (D:4)
  2 worker ants (D:4)
  4 adders (D:2)
  5 gnolls (D:3)
  3 giant geckos
  An orc (D:4)
  6 bats
  4 giant cockroaches
  3 hobgoblins
  2 jackals (D:1)
  3 quokkas
  4 goblins
  3 kobolds
  4 rats
46 creatures vanquished.

Notes
Turn   | Place    | Note
--------------------------------------------------------------
     0 | D:1      | killrock3 the Vampire Assassin began the quest for the Orb.
     0 | D:1      | Reached XP level 1. HP: 16/16 MP: 1/1
    34 | D:1      | Reached skill level 6 in Stealth
   279 | D:1      | Reached XP level 2. HP: 16/22 MP: 2/2
   602 | D:2      | Reached skill level 7 in Stealth
   615 | D:2      | Noticed Sigmund
   648 | D:2      | Killed Sigmund
   648 | D:2      | Reached skill level 1 in Short Blades
   648 | D:2      | Reached skill level 8 in Stealth
   648 | D:2      | Reached XP level 3. HP: 17/27 MP: 3/3
   648 | D:2      | Reached XP level 4. HP: 20/33 MP: 4/4
   648 | D:2      | Reached XP level 5. HP: 23/38 MP: 5/5
  1147 | D:2      | Found a burning altar of Makhleb.
  1147 | D:2      | Noticed a cacodemon
  1477 | D:3      | Found a deep blue altar of Sif Muna.
  1603 | D:3      | Reached XP level 6. HP: 37/44 MP: 6/6
  1606 | D:3      | Found an iron altar of Okawaru.
  1754 | D:4      | Reached skill level 9 in Stealth
  1899 | D:4      | Found a staircase to the Ecumenical Temple.
  1931 | Temple   | Entered the Ecumenical Temple
  2254 | Temple   | Became a worshipper of Dithmenos the Shadowed
  2327 | D:4      | Reached skill level 1 in Armour
  2345 | D:4      | Slain by a worker ant

Vault maps used:
D:1:      minmay_arrival_diagonal_passages, serial_bayou_pond_c
D:2:      lemuel_upstairs_altar, makhleb_altar_promises_db, uniq_sigmund
D:3:      lemuel_round_altar, lemuel_blue_sif_altar
D:4:      minmay_temple_entry_water_ring, first_bread, trog_hazing_becter,
          uniq_grinder
Temple:   circular_temple_12

Action                   |  1- 3 |  4- 6 || total
-------------------------+-------+-------++-------
Melee: Dagger            |    75 |   118 ||   193
       Whip              |       |    45 ||    45
  Use: Potion            |       |     1 ||     1
 Stab: Sleeping          |     6 |     6 ||    12
       Distracted        |       |     1 ||     1
  Eat: Corpse            |       |     3 ||     3
